 Dungeon Crawl Stone Soup version 0.24.0-37-gcf1ca852f1 (webtiles) character file.

Game seed: 13371005787354139690, levelgen mode: deterministic

150 Goreval the Vexing (level 5, -1/37 HPs)
             Began as a Demonspawn Enchanter on Dec 6, 2019.
             Killed from afar by Blork the orc (5 damage)
             ... with a puff of frost
             ... on level 3 of the Dungeon.
             The game lasted 00:07:28 (4675 turns).

Goreval the Vexing (Demonspawn Enchanter)           Turns: 4675, Time: 00:07:29

Health: -1/37      AC:  6    Str:  8      XL:     5   Next: 10%
Magic:  3/8        EV: 13    Int: 17      God:
Gold:   203        SH:  3    Dex: 14 (16) Spells: 3/9 levels left

rFire    . . .     SeeInvis .   a - +1 dagger
rCold    . . .     Gourm    .   (no shield)
rNeg     . . .     Faith    .   j - +0 leather armour
rPois    .         Spirit   .   (no helmet)
rElec    .         Reflect  +   (no cloak)
rCorr    .         Harm     .   (no gloves)
MR       .....                  (no boots)
Stlth    ++........             m - +3 amulet of reflection
HPRegen  0.12/turn              g - +2 ring of dexterity
MPRegen  0.11/turn              u - +3 ring of protection

@: very slightly contaminated
A: repulsion field 1, powered by pain 1
a: no special abilities


You were on level 3 of the Dungeon.
You were hungry.

You visited 1 branch of the dungeon, and saw 4 of its levels.

You collected 203 gold pieces.

Inventory:

Hand Weapons
 a - a +1 dagger (weapon)
 b - a +0 short sword
Armour
 j - a +0 leather armour (worn)
 p - a +0 robe
Jewellery
 g - a +2 ring of dexterity (left hand)
 m - a +3 amulet of reflection (around neck)
 u - a +3 ring of protection (right hand)
Wands
 y - a wand of disintegration (11)
Scrolls
 k - a scroll of enchant armour {unknown}
 n - 2 scrolls of immolation {unknown}
 q - 2 scrolls of remove curse {unknown}
 r - a scroll of teleportation {unknown}
 s - a scroll of fear {unknown}
 t - 5 scrolls of identify {unknown}
 v - a scroll of amnesia {unknown}
Potions
 c - a potion of curing {unknown}
 e - a potion of lignification {unknown}
 f - 2 potions of heal wounds {unknown}
 h - a potion of invisibility {unknown}
 i - a potion of magic {unknown}
 l - a potion of ambrosia {unknown}
 o - a potion of cancellation {unknown}
 x - a potion of flight {unknown}
Comestibles
 d - 7 rations
 w - a chunk of flesh


   Skills:
 + Level 1.2 Fighting
 * Level 2.4 Short Blades
 - Level 1.7 Dodging
 * Level 3.6 Stealth
 + Level 2.5 Spellcasting
 * Level 3.8 Hexes


You had 3 spell levels left.
You knew the following spells:

 Your Spells              Type           Power        Failure   Level  Hunger
a - Ensorcelled Hibernat  Hex/Ice        #.....       19%         2    ##.....
b - Confuse               Hex            ###.....     17%         3    ###....
k - Corona                Hex            ###....      5%          1    #......

Your spell library contained the following spells:

 Spells                   Type           Power        Failure   Level  Hunger
 Tukima's Dance           Hex            ###.....     17%         3    ###....
 Dazzling Spray           Conj/Hex       #.....       36%         3    ###....


Dungeon Overview and Level Annotations

Branches:
Dungeon (4/15)
 Temple: D:4-7

Altars:
Makhleb
Nemelex Xobeh
Yredelemnul

Shops:
D:4 }

Annotations:
D:3 Blork the orc


Innate Abilities, Weirdness & Mutations

You are surrounded by a mild repulsion field. (EV +2)
You sometimes gain a little power by taking damage.


Message History

Level annotation: Blork the orc
There is a stone staircase leading up here.
You can't go down here!
Blork the orc casts a spell at you. The puff of frost hits you!
* * * LOW HITPOINT WARNING * * *
You climb upwards.
There is a stone staircase leading down here.
Unknown command.
Aim: Blork the orc, wielding a +0 war axe and wearing a +0 robe (chance to defeat MR: 39%) Blork the orc resists with some effort.
You are feeling hungry.
Blork the orc barely misses you.
Aim: Blork the orc, wielding a +0 war axe and wearing a +0 robe (chance to defeat MR: 39%)
You miscast Ensorcelled Hibernation.
You are very lightly contaminated with residual magic.
Nothing appears to happen.
Blork the orc casts a spell at you. The puff of frost hits you.
You die...

#......)........# #...
#...............# #...
#...............# ####
#...............# #
#####.#####.....# #
#######.################
#..........# #....
#..........#########....
#......@o..'.......+....
#..........###.#####....
#..........# #.#####....
##############.##.......
#............'.......
#...........##.......
#...........##.......
#...........##.......
##############.......


You could see Blork the orc.

Vanquished Creatures
  A quasit (D:3)
  3 adders (D:3)
  An ooze (D:1)
  A worm (D:3)
  6 dart slugs
  5 leopard geckos
  2 orcs (D:3)
  5 giant cockroaches
  6 goblins
  5 hobgoblins
  6 jackals (D:1)
  3 kobolds (D:1)
  3 quokkas (D:3)
  5 bats
  2 frilled lizards
  11 rats
65 creatures vanquished.

Notes
Turn   | Place    | Note
-------+----------+-------------------------------------------
     0 | D:1      | Goreval the Demonspawn Enchanter began the quest for the
                  | Orb.
     0 | D:1      | Reached XP level 1. HP: 13/13 MP: 3/3
   113 | D:1      | Reached skill level 1 in Short Blades
   679 | D:1      | Gained mutation: You are surrounded by a mild repulsion
                  | field. (EV +2) [demonic ancestry]
   679 | D:1      | Reached XP level 2. HP: 12/20 MP: 5/5
   702 | D:1      | Learned a level 2 spell: Ensorcelled Hibernation
  1530 | D:1      | Gained mutation: You sometimes gain a little power by
                  | taking damage. [demonic ancestry]
  1530 | D:1      | Reached XP level 3. HP: 24/25 MP: 3/6
  2622 | D:2      | Found a basalt altar of Yredelemnul.
  2863 | D:2      | Found a burning altar of Makhleb.
  3300 | D:3      | Found a sparkling altar of Nemelex Xobeh.
  3319 | D:3      | Reached XP level 4. HP: 23/31 MP: 0/7
  3501 | D:3      | Reached skill level 1 in Fighting
  3511 | D:3      | Learned a level 3 spell: Confuse
  4008 | D:3      | Reached XP level 5. HP: 33/37 MP: 3/8
  4598 | D:4      | Found Zext's Gadget Boutique.
  4610 | D:4      | Noticed Blork the orc
  4610 | D:4      | Noticed an ogre
  4675 | D:3      | Killed from afar by Blork the orc

Levels and vault maps discovered:
D:1:      dpeg_arrival_rhombus, layout_basic, minmay_tromino_v4_c
D:2:      layout_rooms, lemuel_coloured_pillars_altar, lemuel_doored_altar,
          minmay_misc_feat_rows
D:3:      minmay_skewed_foursquare, layout_basic,
          nemelex_xobeh_ov_fountains_minmay, first_ration
D:4:      layout_rooms, kennysheep_mini_moat, serial_shops, shop_fountains,
          hangedman_glass_teeth, okawaru_ov_weapons_minmay, uniq_blork_the_orc,
          uniq_edmund

Skill      XL: |  1  2  3  4 |
---------------+-------------+-----
Short Blades   | 1 2 |  2.4
Stealth        | 3 |  3.6
Fighting       | 1 |  1.2
Dodging        | |  1.7
Spellcasting   | |  2.5
Hexes          | |  3.8

Action                   |  1- 3 |  4- 6 || total
-------------------------+-------+-------++-------
Melee: Dagger            |   117 |    39 ||   156
       Short sword       |    89 |    55 ||   144
 Cast: Ensorcelled Hiber |    11 |    12 ||    23
 Stab: Sleeping          |    11 |     9 ||    20
  Eat: Chunk             |     6 |     4 ||    10
       Ration            |     1 |       ||     1
Armor: Leather armour    |    39 |    40 ||    79
       Robe              |     1 |       ||     1
Dodge: Dodged            |   133 |    83 ||   216
Block: Other             |       |     3 ||     3
